 Dungeon Crawl Stone Soup version 0.27-a0-828-g8289197e94 (webtiles) character file.

Game seed: 15736939830247314509

360 brknglss the Conjurer (level 6, 41/41 HPs)
             Began as an Octopode Conjurer on Mar 30, 2021.
             Was a Follower of Vehumet.
             Quit the game on level 4 of the Dungeon on July 13, 2021.
             The game lasted 00:13:29 (5598 turns).

brknglss the Conjurer (Octopode Conjurer)           Turns: 5598, Time: 00:13:29

Health: 41/41      AC:  1    Str:  7    XL:     6   Next: 65%
Magic:  10/10      EV: 13    Int: 21    God:    Vehumet [*.....]
Gold:   98         SH:  0    Dex: 11    Spells: 4/11 levels left

rFire    . . .     SeeInvis .   l - +2 whip (freeze)
rCold    . . .     Faith    .   (no shield)
rNeg     . . .     Spirit   .   (helmet restricted)
rPois    .         Reflect  .   (no amulet)
rElec    .         Harm     .   (no ring)
rCorr    .         Rampage  .   (no ring)
Will     .....                  (no ring)
Stlth    +++.......             (no ring)
HPRegen  0.13/turn              (no ring)
MPRegen  0.12/turn              (no ring)
                                (no ring)
                                (no ring)

@: no status effects
A: almost no armour, amphibious, 8 rings, camouflage 1, gelatinous body 1,
(nimble swimmer 1), tentacles
a: Renounce Religion


You were on level 4 of the Dungeon.
You worshipped Vehumet.
Vehumet was aware of your devotion.
You visited 1 branch of the dungeon, and saw 4 of its levels.

You collected 98 gold pieces.

Inventory:

Hand Weapons
 l - a +2 whip of freezing (weapon)
Missiles
 c - 8 poisoned darts (quivered)
 d - 3 silver javelins
Wands
 i - a wand of random effects (24)
 m - a wand of iceblast (6)
Scrolls
 f - a scroll of noise {unknown}
 g - a scroll of identify {unknown}
 j - a scroll of fog {unknown}
 k - a scroll of teleportation {unknown}
 n - 3 scrolls of enchant weapon {unknown}
Potions
 a - 2 potions of mutation {unknown}
 b - 2 potions of curing {unknown}
 e - 2 potions of cancellation {unknown}
 h - 3 potions of haste {unknown}


   Skills:
 + Level 2.6 Fighting
 + Level 3.4 Dodging
 - Level 2.6 Stealth
 + Level 3.2 Spellcasting
 * Level 5.7 Conjurations


You had 4 spell levels left.
You knew the following spells:

 Your Spells              Type           Power      Damage    Failure   Level
a - Magic Dart            Conj           100%       1d8       1%          1
b - Searing Ray           Conj           54%        3d5       1%          2
c - Fulminant Prism       Conj/Hex       7%         3d7       36%         4

Your spell library contained the following spells:

 Spells                   Type           Power      Damage    Failure   Level
 Shock                    Conj/Air       60%        1d6       4%          1
 Dazzling Flash           Conj/Hex       30%        N/A       12%         3
 Confusing Touch          Hex            3%         N/A       36%         3
 Gell's Gravitas          Tloc           1%         N/A       36%         3
 Iskenderun's Mystic Bla  Conj/Tloc      15%        2d5       36%         4
 Petrify                  Tmut/Erth      3%         N/A       78%         4
 Metabolic Englaciation   Hex/Ice        1%         N/A       98%         5
 Yara's Violent Unravell  Hex/Tmut       1%         3d3       98%         5


Dungeon Overview and Level Annotations

Branches:
Dungeon (4/15)
 Temple: D:4-7

Altars:
Gozag
Nemelex Xobeh
Trog
Vehumet

Annotations:
D:3 2 transporters


Innate Abilities, Weirdness & Mutations

You cannot wear most types of armour.
You are amphibious.
You can wear up to eight rings at the same time.
Your skin changes colour to match your surroundings (Stealth+).
Your rubbery body absorbs attacks. (AC +1, EV +1)
((You are camouflaged near water. (Stealth+)))
You have tentacles for arms and can constrict up to eight enemies at once.


Message History

You start waiting.
Done waiting.
You see here an adder skeleton.
Key pressed, stopping explore.
Key pressed, stopping explore.
Key pressed, stopping explore.
Key pressed, stopping explore.
A kobold comes into view. It is wielding a +0 short sword.
A kobold is nearby!
A kobold is nearby!
The kobold shouts!
The kobold barely misses you.
You hit the kobold but do no damage. You grab the kobold.
You constrict the kobold.
The kobold hits you with a +0 short sword. x2
You barely miss the kobold. You squeeze the kobold.
The kobold is heavily wounded.
You constrict the kobold.
You kill the kobold!
Vehumet accepts your kill.
Things that are here:
a +0 short sword; 5 stones; a kobold corpse HP restored.
Things that are here:
a +0 short sword; 5 stones; a kobold corpse Key pressed, stopping explore.
Key pressed, stopping explore.
Key pressed, stopping explore.
Key pressed, stopping explore.
Key pressed, stopping explore.
Key pressed, stopping explore.
Done exploring.
Done exploring.
Done exploring.
Done exploring.
Saving game... please wait.
Welcome back, brknglss the Octopode Conjurer.
Vehumet says: Let it end in hellfire!
Press ? for a list of commands and other information.
Are you sure you want to abandon this character and quit the game? (Confirm with "yes".)

#.....................
#.####################
#.# #....# # #.#
#....# #.# #....# #.#
#....# #.# #....#
#.######....#
#....@......#
#############


There were no monsters in sight!

Vanquished Creatures
  A black bear (D:4)
  A scorpion (D:4)
  A jelly (D:3)
  10 adders
  An ufetubus (D:4)
  2 worms
  2 dart slugs (D:4)
  3 orcs
  4 ball pythons
  4 endoplasms
  2 goblins
  5 hobgoblins
  8 jackals
  4 quokkas
  4 bats
  3 frilled lizards
  8 kobolds
  6 rats
69 creatures vanquished.

Vanquished Creatures (others)
  6 plants (D:3)
6 creatures vanquished.

Grand Total: 75 creatures vanquished

Notes
Turn   | Place    | Note
-------+----------+-------------------------------------------
     0 | D:1      | brknglss the Octopode Conjurer began the quest for the Orb.
     0 | D:1      | Reached XP level 1. HP: 11/11 MP: 3/3
   675 | D:1      | Reached XP level 2. HP: 18/18 MP: 0/5
  1536 | D:1      | Learned a level 2 spell: Searing Ray
  1833 | D:2      | Reached XP level 3. HP: 17/22 MP: 1/6
  1836 | D:2      | Reached skill level 1 in Fighting
  2493 | D:2      | Found an opulent altar of Gozag.
  2493 | D:2      | Found a radiant altar of Vehumet.
  2494 | D:2      | Found a bloodstained altar of Trog.
  2500 | D:2      | Became a worshipper of Vehumet
  2745 | D:2      | Reached XP level 4. HP: 28/28 MP: 5/7
  3262 | D:3      | Found a transporter.
  3576 | D:3      | Found a transporter.
  3585 | D:3      | Found a faded altar of an unknown god.
  3635 | D:3      | Reached skill level 5 in Conjurations
  3635 | D:3      | Reached XP level 5. HP: 34/34 MP: 3/9
  4044 | D:3      | Learned a level 4 spell: Fulminant Prism
  4154 | D:4      | Reached XP level 6. HP: 38/39 MP: 4/10
  4291 | D:4      | Found a sparkling altar of Nemelex Xobeh.
  4597 | D:4      | Noticed a black bear
  4605 | D:4      | Killed a black bear
  4605 | D:4      | Reached * piety under Vehumet
  4605 | D:4      | Offered knowledge of Shock by Vehumet.
  5598 | D:4      | Quit the game

Illustrated notes

Levels and vault maps discovered:
D:1:      nicolae_arrival_washed_ashore, layout_basic, minmay_misc_feat_roman,
          chequers_serial_rivers_micro_e
D:2:      layout_loops_cross, gammafunk_temple_overflow_claw
D:3:      layout_rooms, chequers_ecumenical_altar_simple_redux,
          gammafunk_ghost_gnarly_gnolls, minmay_fractal_squares_gapless_5
D:4:      layout_basic, nicolae_overflow_crystal_walls, serial_co_window_serial,
          co_window_paths_b, co_window_paths_b, co_window_of_opportunity_a,
          co_window_paths_a, co_window_paths_a, co_window_cross_3,
          co_window_of_opportunity_b, co_window_cross_4, co_window_corner_b,
          co_window_corner_b, co_window_cross_4, glass_columns_c,
          glass_columns_a, glass_columns_a, glass_columns_b,
          corexii_leaking_fountain

Skill      XL: |  1  2  3  4  5 |
---------------+----------------+-----
Fighting       | 1 2 |  2.6
Conjurations   | 5 |  5.7
Dodging        | 3 |  3.4
Spellcasting   | 3 |  3.2
Stealth        | |  2.6

Action                   |  1- 3 |  4- 6 || total
-------------------------+-------+-------++-------
Melee: Mace              |     6 |       ||     6
       Constrict         |     9 |     9 ||    18
       Short sword       |    32 |    12 ||    44
       Tentacles         |     5 |     5 ||    10
       Whip              |       |    16 ||    16
Throw: Dart              |       |     4 ||     4
 Cast: Magic Dart        |    40 |    37 ||    77
       Searing Ray       |     1 |     7 ||     8
 Stab: Sleeping          |     2 |     4 ||     6
       Distracted        |     1 |       ||     1
Armor: Skin              |     6 |       ||     6
Dodge: Dodged            |    43 |    20 ||    63

Table legend: (Time is in decaauts)
 A = Elapsed time spent in this place.
 B = Non-inter-level travel time spent in this place.
 C = Inter-level travel time spent in this place.
 D = Time resting spent in this place.
 E = Time spent auto-exploring this place.
 F = Levels seen in this place.
 G = Mean time per level.
                   A        B        C        D        E       F      G
               +--------+--------+--------+--------+--------+-----+--------+
         Total |   5605 |   5539 |     66 |   2574 |   2182 |   4 | 1401.2 |
       Dungeon |   5605 |   5539 |     66 |   2574 |   2182 |   4 | 1401.2 |
               +--------+--------+--------+--------+--------+-----+--------+

Top non-repeatable levels by time:
     D:1: 2012 daAuts
     D:4: 1553 daAuts
     D:2: 1033 daAuts
     D:3: 1005 daAuts
